 Dungeon Crawl Stone Soup version 0.17-a0-2027-gcac42c4 (webtiles) character file.

607 Goblin1989 the Insei (level 7, 0/35 HPs)
             Began as a Vine Stalker Monk on Oct 10, 2015.
             Was a Priest of Makhleb.
             Killed from afar by an orc wizard (6 damage)
             ... with a puff of flame
             ... on level 5 of the Dungeon.
             The game lasted 00:09:47 (3216 turns).

Goblin1989 the Insei (Vine Stalker Monk)            Turns: 3216, Time: 00:09:48

Health: 0/35       AC:  8    Str: 14    XL:     7   Next: 43%
Magic:  0/9        EV: 12    Int: 10    God:    Makhleb [***...]
Gold:   190        SH:  0    Dex: 18    Spells: 0 memorised, 6 levels left

rFire  . . .     SeeInvis .       - Unarmed
rCold  . . .     Clarity  .     j - +0 ring mail
rNeg   . . .     SustAt   .     (no shield)
rPois  .         Gourm    .     (no helmet)
rElec  .         Spirit   +     u - +1 cloak
rCorr  .         Warding  .     (no gloves)
rMut   .         Stasis   .     v - +0 pair of boots
MR     .....                    (no amulet)
Stlth  +++.......               (no ring)
                                (no ring)

@: lethally poisoned (0 -> -1), slowed, very slow, not resistant to hostile
enchantments, fairly stealthy
A: fangs 2, regeneration 2, magic shield, antimagic bite, no device heal 3, rot
immunity
a: Minor Destruction, Lesser Servant of Makhleb, Renounce Religion


You were on level 5 of the Dungeon.
You worshipped Makhleb.
Makhleb was most pleased with you.
You were hungry.

You visited 1 branch of the dungeon, and saw 5 of its levels.

You collected 190 gold pieces.

Inventory:

Armour
 a - a +0 robe
 j - a +0 ring mail (worn)
 u - a +1 cloak (worn)
 v - a +0 pair of boots (worn)
Jewellery
 r - an uncursed ring of magical power {unknown}
 z - an uncursed ring of protection from cold {unknown}
 B - an uncursed ring of positive energy {unknown}
Wands
 p - a wand of frost (21)
Scrolls
 c - 4 scrolls of enchant weapon {unknown}
 d - 7 scrolls of remove curse {unknown}
 g - 2 scrolls of immolation {unknown}
 h - 10 scrolls of identify {unknown}
 k - a scroll of enchant armour {unknown}
 l - 4 scrolls of amnesia {unknown}
 n - a scroll of fear {unknown}
 q - a scroll of magic mapping {unknown}
 t - a scroll of blinking {unknown}
 x - 2 scrolls of random uselessness {unknown}
 y - 2 scrolls of teleportation {unknown}
Potions
 e - a potion of magic {unknown}
 f - 3 potions of curing {unknown}
 i - a potion of degeneration {unknown}
 o - a potion of agility {unknown}
 s - a potion of invisibility {unknown}
 w - a potion of ambrosia {unknown}
 A - 2 potions of heal wounds {unknown}
 C - a potion of cure mutation {unknown}
 D - a potion of brilliance {unknown}
Comestibles
 b - 4 bread rations
 m - 2 beef jerkies
 E - 2 chunks of flesh


   Skills:
 - Level 2.6 Fighting
 - Level 2.4 Dodging
 + Level 6.2 Stealth
 * Level 7.2 Unarmed Combat
 + Level 2.0 Invocations


You had 6 spell levels left.
You didn't know any spells.

Dungeon Overview and Level Annotations

Branches:
Dungeon (5/15)             Temple (0/1) D:4

Altars:
Kikubaaqudgha
Makhleb


Innate Abilities, Weirdness & Mutations

You have extremely sharp teeth.
You heal very quickly.
When hurt, damage is shared between your health and your magic reserves.
Your bite disrupts and absorbs the magic of your enemies.
Potions and wands cannot restore your health.
You are immune to rotting.


Message History

You feel sick. The adder completely misses you.
You punch the adder!
You kill the adder!
Makhleb accepts your kill.
You feel better.
Your Invocations skill increases to level 2!
You feel sick.
The orc wizard looks braver for a moment.
You hit the orc wizard.
The orc wizard is moderately wounded.
The orc wizard hits you but does no damage.
The orc priest calls upon Beogh to heal the orc wizard.
The orc wizard's wounds heal themselves!
You hit the orc wizard. Your bite misses the orc wizard.
The orc wizard is moderately wounded.
You feel sick.
The orc wizard hits you but does no damage.
The orc wizard gestures at you while chanting.
The puff of flame hits you!
You die...

.........#
.........# ..#
.........## ..#
.........# ...##
...####..##
#..... ... ##..##
#..... .. ##..##
##.... .
##..##+##o.##....
##....@oZo......
####.###.......
#... .......
#####.......
......+ ......+
......# ......#


You could see an orc priest, 2 orc wizards and an adder skeleton.

Vanquished Creatures
  A crimson imp (D:4)
  2 vampire bats (D:2)
  A jelly (D:3)
  A hound (D:2)
  3 orc priests (D:4)
  5 orc wizards (D:4)
  2 worker ants (D:5)
  2 hound skeletons (D:4)
  9 adders
  An ooze (D:3)
  A worm (D:4)
  A giant gecko (D:1)
  8 orcs
  2 ball pythons
  2 bat skeletons (D:2)
  3 bat zombies (D:2)
  4 giant cockroaches
  7 goblins
  8 hobgoblins
  2 jackals (D:3)
  4 quokkas
  10 bats
  A giant gecko skeleton (D:4)
  3 giant newts
  2 jackal skeletons (D:4)
  7 kobolds
  4 rats
96 creatures vanquished.

Notes
Turn   | Place    | Note
--------------------------------------------------------------
     0 | D:1      | Goblin1989 the Vine Stalker Monk began the quest for the Orb.
     0 | D:1      | Reached XP level 1. HP: 11/11 MP: 2/2
   108 | D:1      | Reached XP level 2. HP: 13/16 MP: 3/3
   807 | D:2      | Reached XP level 3. HP: 19/19 MP: 4/4
  1363 | D:2      | Found an ancient bone altar of Kikubaaqudgha.
  1363 | D:2      | Noticed a vampire bat
  1363 | D:2      | Noticed a vampire bat
  1368 | D:2      | Reached skill level 5 in Unarmed Combat
  1368 | D:2      | Reached XP level 4. HP: 21/23 MP: 5/5
  1376 | D:2      | Killed a vampire bat
  1378 | D:2      | Killed a vampire bat
  1378 | D:2      | Reached XP level 5. HP: 24/27 MP: 4/6
  1672 | D:2      | Found a burning altar of Makhleb.
  1688 | D:2      | Became a worshipper of Makhleb the Destroyer
  1688 | D:2      | Acquired Makhleb's first power
  1688 | D:2      | Acquired Makhleb's second power
  1871 | D:3      | Reached skill level 5 in Stealth
  1871 | D:3      | Reached skill level 6 in Unarmed Combat
  1913 | D:3      | Gained mutation: You heal very quickly. [Vine Stalker growth]
  1913 | D:3      | Reached XP level 6. HP: 27/32 MP: 7/7
  2445 | D:4      | Acquired Makhleb's third power
  2710 | D:4      | Reached skill level 1 in Invocations
  2710 | D:4      | Reached XP level 7. HP: 26/35 MP: 8/8
  2721 | D:4      | Reached skill level 7 in Unarmed Combat
  2879 | D:4      | Found a staircase to the Ecumenical Temple.
  3115 | D:5      | Entered Level 5 of the Dungeon
  3216 | D:5      | Killed from afar by an orc wizard

Vault maps used:
D:1:      eino_arrival_druids_welcome, minivault_23
D:2:      kennysheep_vampire_church, makhleb_blood_cavern_becter
D:3:      kennysheep_big_flooded_room
D:4:      nicolae_overflow_hidden_temple, temple_doors_d
D:5:      kennysheep_little_box, lemuel_coloured_pillars_altar,
          lemuel_crystal_altar, cheibriados_altar_wand_db,
          gammafunk_temple_overflow_claw, old_standard_altar, first_bread,
          basic_altar, cheibrodos_ashenzari_chains

Action                   |  1- 3 |  4- 6 |  7- 9 || total
-------------------------+-------+-------+-------++-------
Melee: Unarmed           |   115 |   152 |    72 ||   339
 Stab: Sleeping          |     4 |     7 |     3 ||    14
  Eat: Chunk             |     1 |     4 |     2 ||     7
